Cogmind - Beta 16 @@@ ROGUE MODE // 2025.11.16 @ 12:26:02 // Winter2019/RPGLIKE Player: Rentaro Result: Self-destructed Performance ------------- Evolutions (5) 2500 Regions Visited (5) 1000 Robots Destroyed (65) 325 Value Destroyed (1873) 1873 Prototype IDs (14) 280 Alien Tech Used (0) 0 Bonus (341) 341 TOTAL SCORE: 6319 Bonus ------- High Alert Combat Kills 41 Registered with UFD 300 Cogmind --------- Core Integrity 240/600 Matter 250/300 Energy 40/125 System Corruption 0% Temperature Cool (4) Movement Flying (31) Location -5/Factory Parts ------- > --- POWER (1) -------- Light Ion Engine > --- PROPULSION (4) --- Flight Unit Flight Unit Flight Unit Flight Unit > --- UTILITY (2) ------ Deep Structural Scanner A0-MCA's Component Scanner > --- WEAPON (3) ------- Subdweller Laser Subdweller Laser Subdweller Laser > --- INVENTORY (2) ---- Surveybot 17 Chip Grenade Launcher Peak State ------------ > --- POWER ------------ Light Ion Engine > --- PROPULSION ------- Flight Unit Flight Unit Flight Unit Flight Unit > --- UTILITY ---------- A0-MCA's Component Scanner Mapping Drone Bay > --- WEAPON ----------- Subdweller Laser Subdweller Laser Subdweller Laser > --- INVENTORY -------- Grenade Launcher [Rating: 26] Favorites ----------- Power Light Ion Engine Engine Light Ion Engine Propulsion Flight Unit Treads Spiked Treads Wheel Wheel Flight Unit Flight Unit Utility Structural Scanner Device Structural Scanner Processor A0-MCA's Component Scanner Protection Scrap Shield Weapon Subdweller Laser Energy Gun Subdweller Laser Ballistic Gun Assault Rifle Launcher Grenade Launcher Slashing Weapon Companion Sword Build | -11 -10 -10 -10 -7 -5 ------- Run | Yrd Mat Min Sub Scr Fac Slots Evolved 6 | 4 2 . . . . Power . | . . . . . . Propulsion 3 | 1 2 . . . . Utility 1 | 1 . . . . . Weapon 2 | 2 . . . . . Parts Attached 33 | 6 13 3 7 4 . Power 2 | 1 . 1 . . . Engine 2 | 1 . 1 . . . Core . | . . . . . . Reactor . | . . . . . . Propulsion 10 | 2 5 . 3 . . Treads 2 | . . . 2 . . Leg . | . . . . . . Wheel 2 | 2 . . . . . Hover . | . . . . . . Flight 6 | . 5 . 1 . . Utility 9 | . 3 2 1 3 . Device 6 | . 2 2 . 2 . Storage . | . . . . . . Processor 2 | . 1 . . 1 . Hackware . | . . . . . . Protection 1 | . . . 1 . . Artifact . | . . . . . . Weapon 12 | 3 5 . 3 1 . Energy Gun 6 | 2 1 . 3 . . Energy Cannon . | . . . . . . Ballistic Gun 4 | 1 3 . . . . Ballistic Cannon . | . . . . . . Launcher 1 | . 1 . . . . Special Weapon . | . . . . . . Impact Weapon . | . . . . . . Slashing Weapon 1 | . . . . 1 . Piercing Weapon . | . . . . . . Special Melee Weapon . | . . . . . . Unidentified Prototypes 3 | . . 2 . 1 . Parts Lost . | . . . . . . Power . | . . . . . . Propulsion . | . . . . . . Utility . | . . . . . . Weapon . | . . . . . . Highest Loss Streak . | . . . . . . To Critical Strikes . | . . . . . . Average Backups 1 | . . 1 1 1 2 Power . | . . . . . . Propulsion . | . . . . . . Utility . | . . . . . 1 Weapon . | . . 1 1 1 1 Tool/Special . | . . . . . . Unused Backups 2 | . 1 . . . 1 Power . | . . . . . . Propulsion 1 | . 1 . . . . Utility 1 | . . . . . 1 Weapon . | . . . . . . Tool/Special . | . . . . . . Average Slot Usage (%) 92 | . 91 97 89 92 100 Engine 10 | . 11 10 10 10 10 Wheel 2 | . 8 . . . . Flight 34 | . 21 40 38 40 40 Device 7 | . 14 9 5 3 10 Processor 2 | . . 8 . 4 10 Protection 2 | . . . 4 4 . Energy Gun 13 | . . . 4 29 30 Ballistic Gun 17 | . 31 30 24 . . Peak Build Rating 26 | 6 10 22 16 26 24 Average Rating 12 | 5 7 10 10 18 24 On Entrance 10 | . 6 10 9 15 24 Avg Prop Armor Cover (%) 3 | . . . 3 . . Naked Turns . | . . . . . . Heaviest Build 33 | 9 13 16 33 33 16 Greatest Support 31 | 31 31 26 30 26 26 Greatest Overweight (x) 1 | . 1 . 1 1 . Average Overweight (x) . | . . . . . . Largest Inventory Capacity 2 | 1 2 2 2 2 2 Average Capacity 1 | 1 1 2 2 2 2 Most Carried 2 | . 2 2 2 2 2 Average Carried 1 | . . 1 1 1 2 Final Capacity 2 | 1 2 2 2 2 2 Final Carried 2 | . 1 1 1 2 2 Class Distribution -------------------- 50% | Scavenger-Sprinter 23% | Gunner 20% | Subdweller-Gunner 5% | Scavenger-Gunner Dominant Class ---------------- Gunner | -10/Materials Scavenger-Sprinter | -10/Mines Scavenger-Sprinter | -10/Subcaves Scavenger-Sprinter | -7/Scraptown Scavenger-Sprinter | -5/Factory Resources | -11 -10 -10 -10 -7 -5 ----------- Run | Yrd Mat Min Sub Scr Fac Matter Collected 2301 | 194 1427 148 473 59 . Remotely . | . . . . . . Salvage Created 2002 | 148 1114 40 542 . 158 Parts 137 | 6 82 5 34 . 10 Haulers Intercepted 2 | . 2 . . . . Recyclers Shooed . | . . . . . . Parts Field Recycled . | . . . . . . Retrieved Matter . | . . . . . . Parts Self-Destructed 12 | . . . 12 . . Prevented . | . . . . . . Parts Restored . | . . . . . . Kills | -11 -10 -10 -10 -7 -5 ------- Run | Yrd Mat Min Sub Scr Fac Combat Hostiles Destroyed 47 | . 27 3 14 . 3 Guns 46 | . 26 3 14 . 3 AOE 1 | . 1 . . . . Classes Destroyed 12 | 2 7 . 2 . 1 Worker 5 | 3 2 . . . . Builder 2 | . 2 . . . . Tunneler 2 | . 2 . . . . Hauler 2 | . 2 . . . . Recycler 3 | 1 2 . . . . Operator 1 | . 1 . . . . Watcher 3 | . 3 . . . . Swarmer 16 | . 9 3 4 . . Grunt 21 | . 18 . 2 . 1 Sentry 1 | . . . 1 . . Programmer 2 | . . . . . 2 Subdweller 7 | . . . 7 . . Best Kill Streak 5 | 2 5 3 5 . 3 Combat Bots Only 5 | . 5 3 5 . 3 Max Kills in Single Turn 2 | 1 2 1 2 . 1 Gunslinging 1 | . . . 1 . . Exploded 1 | . 1 . . . . Melee . | . . . . . . Uniques/NPCs Destroyed . | . . . . . . Combat | -11 -10 -10 -10 -7 -5 -------- Run | Yrd Mat Min Sub Scr Fac Hostile Shots Fired 248 | . 141 18 84 . 5 Missed 84 | . 48 4 28 . 4 Hits 164 | . 93 14 56 . 1 Projectile 164 | . 93 14 56 . 1 Critical Strikes 2 | . . . 2 . . Damage Taken 2107 | . 932 114 1043 . 18 Core 1562 | . 756 86 702 . 18 Absorbed by Shields . | . . . . . . Redirected to Core 1134 | . 527 86 521 . . Core Remaining (%) 59 | 100 . . . 19 . Volleys Fired 218 | 5 148 16 41 . 8 Largest 3 | 3 3 3 3 . 3 Hottest 180 | 100 80 60 60 . 180 Shots Fired 552 | 15 350 43 119 1 24 Gun 501 | 15 303 41 117 1 24 Cannon . | . . . . . . Launcher 51 | . 47 2 2 . . Special . | . . . . . . Kinetic 465 | 5 302 41 117 . . Thermal 30 | 5 . . . 1 24 Explosive 51 | . 47 2 2 . . Electromagnetic 6 | 5 1 . . . . Robot Hit Streak 25 | 6 18 5 25 22 25 Robot Miss Streak 4 | 1 4 3 1 . 1 Penetration Max . | . . . . . . Secondary Targets 10 | . 6 1 2 . 1 Max Gunslinging Chain 1 | . 1 1 1 . 1 Shots Hit Robots 303 | 7 163 12 100 1 20 Core Hits 114 | 4 68 5 31 . 6 Critical Kills 2 | . . . 2 . . Critical Parts Destroyed 2 | . 1 . . . 1 Critical Strikes 5 | . 1 . 3 . 1 Destroy 5 | . 1 . 3 . 1 Melee Attacks . | . . . . . . Impact . | . . . . . . Slashing . | . . . . . . Piercing . | . . . . . . Sneak Attacks . | . . . . . . Combat Hostiles . | . . . . . . Follow-up Attacks . | . . . . . . Damage Inflicted 4031 | 187 2230 123 1050 . 441 Guns 3560 | 75 1874 120 1050 . 441 Cannons . | . . . . . . Explosions 471 | 112 356 3 . . . Melee . | . . . . . . Ramming . | . . . . . . Kinetic 3044 | . 1874 120 1050 . . Thermal 575 | 134 . . . . 441 Explosive 359 | . 356 3 . . . Electromagnetic 53 | 53 . . . . . Impact . | . . . . . . Slashing . | . . . . . . Piercing . | . . . . . . Highest Corruption 1 | . 1 1 1 1 . Average Corruption 1 | . 1 1 1 1 . Corruption Purged . | . . . . . . Corruption Blocked . | . . . . . . Effects 30 | . 6 3 11 10 . Message Errors 4 | . . . 1 3 . Matter Fused 7 | . 2 1 4 . . Heat Flow Errors 7 | . 3 1 2 1 . Energy Discharges 3 | . . . 1 2 . Data Loss (minor) 2 | . 1 . . 1 . Data Loss (major) 1 | . . . . 1 . Misfires 2 | . . . 1 1 . Alerts 2 | . . . 1 1 . Weapon Failures 2 | . . 1 1 . . Overload Shots . | . . . . . . Overflow Damage 29 | 11 18 . . . . Projectiles . | . . . . . . Explosions 29 | 11 18 . . . . Melee . | . . . . . . Knockbacks . | . . . . . . Impact . | . . . . . . Kinetic . | . . . . . . Secondary . | . . . . . . Self-Inflicted Damage 2 | . 2 . . . . Shots 1 | . 1 . . . . Rammed . | . . . . . . Targets Rammed . | . . . . . . Kicked . | . . . . . . Crushed . | . . . . . . Highest Temperature 384 | 78 241 228 236 90 384 Average Temperature 60 | 40 49 53 94 47 186 Received Heat Transfer 600 | . 384 . 207 . 9 Effects 2 | . 1 . . . 1 Shutdowns 1 | . . . . . 1 Interference 1 | . 1 . . . . Siege Activations . | . . . . . . Martial Activations . | . . . . . . Shielding Activations . | . . . . . . Robots Disrupted . | . . . . . . Combat Hostiles . | . . . . . . Robots Corrupted . | . . . . . . Combat Hostiles . | . . . . . . Parts Fried . | . . . . . . Impact Corruptions . | . . . . . . Robots Melted . | . . . . . . Combat Hostiles . | . . . . . . Parts Melted . | . . . . . . Heat Transferred 650 | 150 . . . . 500 Parts Sabotaged . | . . . . . . Parts Stolen . | . . . . . . Parts Stripped . | . . . . . . Power Chain Reactions 2 | 2 . . . . . Alert | -11 -10 -10 -10 -7 -5 ------- Run | Yrd Mat Min Sub Scr Fac Maximum Alert Level 4 | . 4 2 . . . Low Security (%) 42 | 100 33 . . . 100 Level 1 15 | . 24 . . . . Level 2 25 | . 16 100 . . . Level 3 8 | . 13 . . . . Level 4 7 | . 11 . . . . Level 5 . | . . . . . . High Security . | . . . . . . Max Security . | . . . . . . Peak Influence 1205 | 10 1205 555 . . 60 Initial 465 | . 3 465 . . . Average 354 | . 435 505 . . 28 Influence Increases 2068 | 20 1648 150 180 . 70 Destroy 0b10 Robot/C 800 | . 540 60 140 . 60 Destroy 0b10 Robot/NC 90 | 20 70 . . . . Destroy Leader 160 | . 130 10 10 . 10 Successful Hack 16 | . 16 . . . . Select Force Hacks 30 | . 30 . . . . Disable Machine 585 | . 525 60 . . . Destroy Structure 342 | . 322 20 . . . Partial Spotted 15 | . 15 . . . . Lose Combat Pursuer 30 | . . . 30 . . Influence Decreases 2028 | 15 460 858 633 32 30 Entered New Map 1015 | . 2 728 253 32 . Time Decay 1013 | 15 458 130 380 . 30 Squads Dispatched 10 | . 9 . . . 1 Investigation 8 | . 8 . . . . Extermination . | . . . . . . Reinforcement 2 | . 1 . . . 1 Assault . | . . . . . . Garrison . | . . . . . . Intercept . | . . . . . . Searches Triggered . | . . . . . . Construction Impeded . | . . . . . . Haulers Reinforced 1 | . . . . . 1 Active Scanning Responses . | . . . . . . Cargo Convoy Interrupts . | . . . . . . Stealth | -11 -10 -10 -10 -7 -5 --------- Run | Yrd Mat Min Sub Scr Fac Distress Signals . | . . . . . . Communications Jammed . | . . . . . . Distress Signals . | . . . . . . Times Spotted 56 | . 34 3 15 . 4 Peak Tracking Total 6 | . 5 3 6 . 2 Tactical Retreats 1 | . . . 1 . . Traps | -11 -10 -10 -10 -7 -5 ------- Run | Yrd Mat Min Sub Scr Fac Traps Triggered 1 | . 1 . . . . Indirectly . | . . . . . . Trap Hack Attempts . | . . . . . . Triggered . | . . . . . . Disarmed 4 | . 4 . . . . Reprogrammed . | . . . . . . Reused . | . . . . . . Traps Extracted . | . . . . . . Installed . | . . . . . . Triggered . | . . . . . . Machines | -11 -10 -10 -10 -7 -5 ---------- Run | Yrd Mat Min Sub Scr Fac Machines Disabled 39 | . 35 4 . . . Max in Single Turn 2 | . 2 2 . . . Machines Repaired . | . . . . . . Machines Dismantled . | . . . . . . Machines Sabotaged . | . . . . . . Overloaded Fab Kills . | . . . . . . Hacking | -11 -10 -10 -10 -7 -5 --------- Run | Yrd Mat Min Sub Scr Fac Machines Accessed 12 | . 9 1 . 2 . Terminals 7 | . 7 . . . . Fabricators . | . . . . . . Repair Stations . | . . . . . . Recycling Units 2 | . 2 . . . . Scanalyzers . | . . . . . . Garrison Access . | . . . . . . Total Hacks 42 | . 36 1 . 5 . Successful 25 | . 19 1 . 5 . Failed 17 | . 17 . . . . Catastrophic 4 | . 4 . . . . Database Lockouts . | . . . . . . Manual 18 | . 18 . . . . Terminals 29 | . 29 . . . . Fabricators . | . . . . . . Repair Stations . | . . . . . . Recycling Units 7 | . 7 . . . . Scanalyzers . | . . . . . . Garrison Access . | . . . . . . Terminal Hacks 19 | . 13 1 . 5 . Record 4 | . . . . 4 . Robot Analysis 1 | . 1 . . . . Prototype ID Bank 2 | . 2 . . . . Open Door 2 | . . 1 . 1 . Level Access Points 1 | . 1 . . . . Emergency Access Points 1 | . 1 . . . . Repair Station Index 1 | . 1 . . . . Alert Level 1 | . 1 . . . . Locate Traps 2 | . 2 . . . . Disarm Traps 1 | . 1 . . . . Hauler Manifests 1 | . 1 . . . . Zone Layout 2 | . 2 . . . . Fabricator Hacks . | . . . . . . Repair Station Hacks . | . . . . . . Recycling Unit Hacks 2 | . 2 . . . . Retrieve Components 2 | . 2 . . . . Scanalyzer . | . . . . . . Garrison Access Hacks . | . . . . . . Unauthorized Hacks 4 | . 4 . . . . Terminals 3 | . 3 . . . . Botnet 3 | . 3 . . . . Fabricators . | . . . . . . Repair Stations . | . . . . . . Recycling Units 1 | . 1 . . . . Tunnel 1 | . 1 . . . . Scanalyzers . | . . . . . . Garrison Access . | . . . . . . Data Cores Recovered . | . . . . . . Used . | . . . . . . Hacking Detections 9 | . 9 . . . . Full Trace Events 8 | . 8 . . . . Feedback Events 1 | . 1 . . . . Corruption 1 | . 1 . . . . Feedback Blocked . | . . . . . . Robot Schematics Acquired . | . . . . . . Robots Built . | . . . . . . Authchips . | . . . . . . Time . | . . . . . . Total Robot Build Rating . | . . . . . . Part Schematics Acquired . | . . . . . . Parts Built . | . . . . . . Authchips . | . . . . . . Time . | . . . . . . Total Part Build Rating . | . . . . . . Part Studies Acquired . | . . . . . . Parts Repaired . | . . . . . . Time . | . . . . . . Parts Recycled . | . . . . . . Recycled Matter . | . . . . . . Retrieved Matter . | . . . . . . Retrieved Components 12 | . 12 . . . . Parts Scanalyzed . | . . . . . . Part Schematics Acquired . | . . . . . . Parts Damaged . | . . . . . . Bothacking | -11 -10 -10 -10 -7 -5 ------------ Run | Yrd Mat Min Sub Scr Fac Used RIF Installer . | . . . . . . Robots Hacked . | . . . . . . Non-combat . | . . . . . . Combat . | . . . . . . Robot Hacks Applied . | . . . . . . Relay Couplers Released . | . . . . . . Fabnet Peak Effective % . | . . . . . . Robots Rewired . | . . . . . . Allies Hacked . | . . . . . . Hacks Repelled . | . . . . . . Allies | -11 -10 -10 -10 -7 -5 -------- Run | Yrd Mat Min Sub Scr Fac Total Allies . | . . . . . . Largest Group . | . . . . . . Highest-Rated Group . | . . . . . . Highest-Rated Ally . | . . . . . . Total Orders 1 | . . . . 1 . STAY 1 | . . . . 1 . Ally Attacks . | . . . . . . Total Damage . | . . . . . . Kills . | . . . . . . Allies Corrupted . | . . . . . . Allies Melted . | . . . . . . Intel | -11 -10 -10 -10 -7 -5 ------- Run | Yrd Mat Min Sub Scr Fac Active Infowar (turns) 1491 | . 470 220 498 229 74 Structural 1491 | . 470 220 498 229 74 Robot Analysis Total 1 | . 1 . . . . Derelict Logs Recovered 5 | . . 1 1 3 . Drone Launches 19 | . . 16 . 3 . Drone Recoveries . | . . . . . . Exploration | -11 -10 -10 -10 -7 -5 ------------- Run | Yrd Mat Min Sub Scr Fac Turns Passed 4098 | 305 1142 263 893 1421 74 Spaces Moved 5201 | 59 1485 491 1042 2067 57 Core 5 | 5 . . . . . Treads 37 | . . . 37 . . Legs . | . . . . . . Wheels 280 | 54 226 . . . . Hover . | . . . . . . Flight 4879 | . 1259 491 1005 2067 57 Fastest Speed 31 | 50 31 31 31 31 31 Average Speed 46 | 86 42 31 42 54 31 Slowest Speed 260 | 100 125 31 260 111 31 Overloaded Moves . | . . . . . . Propulsion Burnouts . | . . . . . . Robots Hopped 11 | . 4 4 3 . . Potential Cave-ins . | . . . . . . Cave-ins Triggered . | . . . . . . Exploration Rate (%) 57 | 6 97 93 56 90 2 Regions Visited 5 Branch Regions 3 Pre-discovered Areas 5 | . 1 2 1 1 . Known Exits Taken 1 | . 1 . . . . Unknown Exits Taken 4 | 1 . 1 1 1 . Scrap Searched 11 | . . 1 8 2 . Spaces Dug 3 | . 3 . . . . Terrain Destroyed 430 | 2 395 20 13 . . Melee . | . . . . . . Projectile . | . . . . . . AOE 430 | 2 395 20 13 . . Terrain Rammed . | . . . . . . Walls Destroyed . | . . . . . . Machines Disabled . | . . . . . . Actions | -11 -10 -10 -10 -7 -5 --------- Run | Yrd Mat Min Sub Scr Fac Total 6470 | 299 1738 565 1408 2365 95 Wait 911 | 230 43 47 276 291 24 Move 5176 | 58 1476 482 1037 2066 57 Hop 9 | . 4 4 1 . . Pick Up 11 | . 6 1 3 1 . Fast Attach 24 | 6 6 2 6 4 . Attach 3 | . 1 1 1 . . Detach 3 | . . 3 . . . Swap 24 | . 10 6 7 1 . Drop 25 | . 10 3 10 2 . Fire 218 | 5 148 16 41 . 8 Melee . | . . . . . . Ram . | . . . . . . Kick . | . . . . . . Crush . | . . . . . . Escape Stasis . | . . . . . . Rewire . | . . . . . . Trap . | . . . . . . Miscellaneous 66 | . 34 . 26 . 6 Route ------- -11/Scrapyard -10/Materials (discovered 4 exits: *Mat x3 / *Min) -10/Mines (discovered 3 exits: *Mat x2 / [*Sub]) -10/Subcaves (discovered 2 exits: [*Mat] / *Scr) -7/Scraptown (discovered 2 exits: [*Fac x2]) -5/Factory History --------- Turn | Location | Event 1 | -11/Scrapyard | Upgraded with Propulsion slot (x1) 1 | -11/Scrapyard | Upgraded with Utility slot (x1) 1 | -11/Scrapyard | Upgraded with Weapon slot (x2) 12 | -11/Scrapyard | Discovered new exit (range 16) 306 | -11/Scrapyard | Entered Materials 307 | -10/Materials | Build established: Gunner 613 | -10/Materials | Discovered new exit (range 16) 653 | -10/Materials | Identified exit to Materials 661 | -10/Materials | Reached level 2 965 | -10/Materials | Reached level 3 977 | -10/Materials | Upgraded with Propulsion slot (x1) 1027 | -10/Materials | Discovered new exit (range 8) 1165 | -10/Materials | Reached level 4 1179 | -10/Materials | Upgraded with Propulsion slot (x1) 1404 | -10/Materials | Reached level 5 1447 | -10/Materials | Identified exit to Mines 1448 | -10/Materials | Entered Mines 1491 | -10/Mines | Build established: Scavenger-Sprinter 1608 | -10/Mines | YI-UF0 nonchalantly dropped a Grenade Launcher on the ground 1620 | -10/Mines | Found a damaged Exp. Sensor Array with a note attached 1621 | -10/Mines | Found Prototype Device 1621 | -10/Mines | Identified Exp. Sensor Array 1626 | -10/Mines | Discovered exit to Materials (range 5) 1627 | -10/Mines | Learned location of Storage (-7) 1661 | -10/Mines | Discovered exit to Materials (range 5) 1666 | -10/Mines | Found the Drone Emporium 1667 | -10/Mines | Found Prototype Device 1667 | -10/Mines | Identified Bomb Drone Bay 1692 | -10/Mines | Discovered new exit (range 5) 1711 | -10/Mines | Entered Subcaves 1712 | -10/Subcaves | Approached by a straggling Scientist 1713 | -10/Subcaves | Reached level 6 1927 | -10/Subcaves | A swath of the cavern ceiling suddenly collapsed 2235 | -10/Subcaves | Discovered new exit (range 15) 2238 | -10/Subcaves | Shifting Twisted Machinery released Sub. Machine Gun 2254 | -10/Subcaves | Core integrity fell below 50% 2274 | -10/Subcaves | Shifting Twisted Machinery released Sub. Beam Cannon 2323 | -10/Subcaves | Scientist uncovered a shortcut to Scraptown 2336 | -10/Subcaves | Disturbed a concealed Subdweller 2346 | -10/Subcaves | Disturbed a concealed Subdweller 2371 | -10/Subcaves | Core integrity fell below 20% 2604 | -10/Subcaves | Entered Scraptown 2713 | -7/Scraptown | Build established: Subdweller-Gunner 2753 | -7/Scraptown | Visited UFD Registry 2759 | -7/Scraptown | Registered with UFD as "Chainmaster" 2777 | -7/Scraptown | Visited Shadow of the Wyrm 2794 | -7/Scraptown | Visited Awakened 2836 | -7/Scraptown | Scanned Subdweller tech in exchange for log data 2840 | -7/Scraptown | Learned Factory emergency access door positions 2841 | -7/Scraptown | Learned Research terminal intel 2842 | -7/Scraptown | Learned location of 1 exit from Proximity Caves 2854 | -7/Scraptown | Discovered new exit (range 11) 3192 | -7/Scraptown | Visited Curators Association 3223 | -7/Scraptown | Visited Junk Repository 3269 | -7/Scraptown | Delivered Scrap Shield to a Scientist 3333 | -7/Scraptown | Visited Sword Containment 3337 | -7/Scraptown | Found Prototype Slashing Weapon 3337 | -7/Scraptown | Identified Companion Sword 3350 | -7/Scraptown | Visited Scrap Suit Storage 3377 | -7/Scraptown | Discovered new exit (range 3) 3400 | -7/Scraptown | Visited Junk Repository 3409 | -7/Scraptown | Visited Abandonware Association 3412 | -7/Scraptown | Learned abandonware demo "OVRCLOCK.EXE" 3421 | -7/Scraptown | Visited A0-MCA Data Center 3423 | -7/Scraptown | Given a B- rating by A0-MCA 3426 | -7/Scraptown | Found A0-MCA's Component Scanner 3443 | -7/Scraptown | Visited Cartography Club 3576 | -7/Scraptown | Build established: Scavenger-Sprinter 3734 | -7/Scraptown | Found Surveybot 17 Chip 3796 | -7/Scraptown | Found Deep Structural Scanner 3934 | -7/Scraptown | Visited Fellowship of the Rings 3940 | -7/Scraptown | Visited Comm Corps 3958 | -7/Scraptown | Visited Red Mages 3971 | -7/Scraptown | Visited Symbiants 3981 | -7/Scraptown | Visited IN-MT5's Study 4025 | -7/Scraptown | Entered Factory 4026 | -5/Factory | Core integrity fell below 50% 4026 | -5/Factory | Core integrity fell below 20% 4027 | -5/Factory | Reached level 7 4099 | -5/Factory | Self-destructed Last Messages --------------- 04023_ System corrupted: Sub. Laser misfires. LOCATION=UNKNOWN GOAL=ESCAPE Loading Factory emergency access points (x30)... 04027_ Reached level 7. 04044_ P-70 Sage destroyed. 04050_ ALERT: All DSF locations entering lockdown mode. 04050_ P-70 Sage suffers critical hit (Destroy). 04050_ Destroyed Antigrav System. 04054_ P-70 Sage destroyed. 04054_ Switching to secondary target: G-50 Soldier. 04056_ Power failure, Lgt. Ion Engine shutdown. 04057_ Upgraded: Heat Dissipation (+72) 04062_ G-50 Soldier destroyed. 04071_ Used Protomatter to restore core integrity (+144, depleted) 04072_ A-15 Conveyor calls for reinforcements. 04072_ ALERT: Hostile activity reported, dispatching reinforcements to area. 04076_ K-01 Serf collects debris. Map ----- +----------------------------------------------------+ | ???????????????????????????????????????? | | ???????????????????????????????????????? | | ???????????????????????????????????????? | | ???????????????????????????????????????? | | ???????????????????????????????????????? | | ???????????????????????????????????????? | | ???????????????????????????????????????? | | ???????????????????????????????????????? | | ??????????????????????## #????? | | ???????????? ###" "##### #????? | | ???????????? ###"Y"##### #????? | | ???????????? ###"""################????? | | ????????????+############# ####????? | | ???????????? # ####????? | | ? # ?? """" """" # ####????? | | ? ########## """" ""S"" + ####????? | | ? ########## """" "" "" # ####????? | | ?+########## """" # ####????? | | ? # # ####????? | | ?"""""" ###+########### ####????? | | """"""" ### ########### ####????? | | ""?"""" ] # ####????? | | """"""" !#![ ####????? | | =+ % A ####????? | | """"""" #** """ """ ####????? | | ""?"""" #! """ """ @ ####????? | | ""?""""? # """ """ ###########????? | | ????"??? # # """????? | | ???????? # """ # ""S"????? | | ???????? # """ + "" "????? | | ????????####|= """ # ???????????? | | ????????####%[ # ???????????? | | ????????####% ####???+???????? | | ????????#### ####+######???????????? | | ????????#### # ##???????????? | | ???????##### # ##???????????? | | ???????##### + ##???????????? | | ??????? # ??????????????????? | | ???????##### # ??????????+???????? | | ???????##### # ??????????????????? | | ???????##### # ??????????????????? | | ???????##### # ?????+????????????? | | ????????#### # ??????????????????? | | ????????#### ####??????????????????? | | ????????#### ??????????????????? | | ???????????????????????????????????????? | | ???????????????????????????????????????? | | ???????????????????????????????????????? | | ???????????????????????????????????????? | | ???????????????????????????????????????? | +----------------------------------------------------+ Best States ------------- Heat Dissipation 97 Energy Generation 15 Energy Capacity 250 Matter Stores 300 Matter Capacity 300 Sight Range 16 Terrain Scan Density 10 Armor Coverage 800 Evasion (%) 63 Recoil Reduction 1 Item Schematics ----------------- None Robot Schematics ------------------ None Fabricated ------------ Nothing Repaired ---------- Nothing Studied --------- None Alien Tech Used ----------------- None Achievements -------------- Nice Directions, Buddy Release The Drones! Survival Of The Most Covered Challenges ------------ None RPGLIKE | -11 -10 -10 -10 -7 -5 --------- Run | Yrd Mat Min Sub Scr Fac Levels Raised 6 | . 4 . 1 . 1 XP Earned 13465 | 3000 6109 798 1058 650 1850 XP Spent 11770 | 2950 3900 . 3000 . 1920 Upgrades 29 | 7 6 . 4 . 12 Propulsion Slot 3 | 1 2 . . . . Utility Slot 1 | 1 . . . . . Weapon Slot 2 | 2 . . . . . Heat Dissipation 12 | . . . . . 12 Energy Generation 1 | 1 . . . . . Mass Support 2 | 1 1 . . . . Inventory Capacity 2 | 1 1 . . . . Ranged Accuracy 6 | . 2 . 4 . . Protomatter Created 516 | . 317 17 134 . 48 Integrity Restored 1248 | . 702 . 402 . 144 Core 1202 | . 656 . 402 . 144 Parts 46 | . 46 . . . . Protomatter Decayed 45 | . 45 . . . . Game ------ Seed FocalSeismicConstruct Manual? 0 Play Time 00:53:55 Cumulative 175.8 hours Start 2025.11.15 @ 21:02:19 End 2025.11.16 @ 12:26:02 Sessions 4 Manual Loads 0 Difficulty Rogue Special Mode Winter2019/RPGLIKE Game No. 57 Rogue 57 Adventurer 0 Explorer 0 Win Type - Total 6 Types 2/0/1/3/0/0/0/0/0/0 Lore% 58 Gallery% 55 Achievement% 55 Wizard Run 0 Options --------- Layout 2 ASCII 0 Keyboard 0 Movement Mouse Keybinds 1 Fullscreen 2 Font 20/X11 Map View 64x51 Zoom Use 0% Tactical HUD 1 Map Filters NONE Filters NONE Steam 1 RUN: 23b737a7-698f-47d7-b33a-a08af186f4bc